 Dungeon Crawl Stone Soup version 0.18.1-8-gdd0e5ea (webtiles) character file.

199 Shtopit the Ducker (level 5, -6/39 HPs)
             Began as a Demonspawn Gladiator on May 22, 2016.
             Was an Initiate of Dithmenos.
             Killed by divine providence
             ... invoked by an orc priest
              (15 damage)
             ... on level 3 of the Dungeon.
             The game lasted 00:10:09 (4439 turns).

Shtopit the Ducker (Demonspawn Gladiator)           Turns: 4439, Time: 00:10:10

Health: -6/39      AC:  5    Str: 16    XL:     5   Next: 48%
Magic:  0/5        EV: 14    Int:  9    God:    Dithmenos [......]
Gold:   95         SH:  0    Dex: 16    Spells: 0 memorised, 4 levels left

rFire  . . .     SeeInvis .     q - +0 short sword
rCold  . . .     Gourm    .     b - +0 leather armour
rNeg   . . .     Faith    .     (no shield)
rPois  .         Spirit   +     c - +1 helmet
rElec  .         Dismiss  .     (no cloak)
rCorr  .         Reflect  .     (no gloves)
SustAt .         Harm     .     (no boots)
MR     .....                    (no amulet)
Stlth  ++........               (no ring)
                                (no ring)

@: not resistant to hostile enchantments, unstealthy
A: hooves 1, thin skeletal structure 1, magic shield
a: Renounce Religion


You were on level 3 of the Dungeon.
You worshipped Dithmenos.
Dithmenos was noncommittal.
You were hungry.

You visited 1 branch of the dungeon, and saw 3 of its levels.

You collected 95 gold pieces.

Inventory:

Hand Weapons
 a - a +0 long sword
 i - a +0 dagger
 q - a +0 short sword (weapon)
 v - a -1 short sword
Missiles
 d - 3 throwing nets (quivered)
Armour
 b - a +0 leather armour (worn)
 c - a +1 helmet (worn)
 o - a +0 ring mail
Jewellery
 t - an uncursed ring of teleportation
Scrolls
 h - a scroll of enchant armour
 j - a scroll of remove curse
 k - 2 scrolls of identify {unknown}
 n - a scroll of enchant weapon {unknown}
 p - a scroll of teleportation {unknown}
Potions
 e - a potion of curing {unknown}
 g - a potion of brilliance {unknown}
 l - a potion of agility {unknown}
 m - a potion of cancellation {unknown}
 u - a potion of lignification {unknown}
Comestibles
 f - 2 bread rations
 r - 2 chunks of flesh
 s - 2 fruits


   Skills:
 + Level 2.6 Fighting
 + Level 1.1(2.4) Short Blades
 + Level 3.3(3.4) Long Blades
 + Level 1.7 Throwing
 + Level 2.0 Armour
 + Level 3.9 Dodging
 * Level 1.1 Stealth


You had 4 spell levels left.
You didn't know any spells.

Dungeon Overview and Level Annotations

Branches:
Dungeon (3/15)

Altars:
Dithmenos
Elyvilon
Xom
The Shining One


Innate Abilities, Weirdness & Mutations

You have large cloven feet.
You have a somewhat thin skeletal structure (Dex +2, Stealth).
When hurt, damage is shared between your health and your magic reserves.


Message History

The orc closely misses you. The orc priest hits you with a dagger.
You barely miss the orc priest. Your kick misses the orc priest.
The orc priest is heavily wounded.
The orc closely misses you. The orc priest barely misses you.
You hit the orc priest.
The orc priest is severely wounded.
The orc hits you but does no damage. The orc priest hits you with a dagger.
You closely miss the orc priest. Your kick misses the orc priest.
The orc priest is severely wounded.
The orc misses you. The orc priest misses you.
You barely miss the orc priest. Your kick misses the orc priest.
The orc priest is severely wounded.
The orc barely misses you. The orc priest hits you with a dagger.
* * * LOW HITPOINT WARNING * * *
You closely miss the orc priest. Your kick misses the orc priest.
The orc priest is severely wounded.
The orc hits you but does no damage.
The orc priest mumbles some strange prayers to Beogh against you.
Beogh smites you!
You die...

## #.#(##.#.####...####
.## #.#......# #......
..# #.#.##.### #...###
..# #.#.##.# #...# ..#
#######.#.##.# #...#
.## ###.........†..#
....
######......#.##.#####
......#..##.#........#
###
######.#.##....o@###.##
.. ###.####..##oo..[#
.# #.#
#..##.##..####.#.# #..
....##.##........)#
#######.......#####(###
##.#...## .# #.#. ..
#... #o# ##.. ..


You could see an orc priest and 2 orcs.

Vanquished Creatures
  An orc priest (D:3)
  Jessica (D:3)
  Terence (D:2)
  4 adders
  4 worms (D:2)
  A dart slug (D:1)
  5 giant geckos
  2 ball pythons
  3 bats
  5 giant cockroaches
  4 goblins
  11 hobgoblins
  6 jackals
  A quokka (D:2)
  7 giant newts
  3 kobolds
  5 rats
64 creatures vanquished.

Notes
Turn   | Place    | Note
--------------------------------------------------------------
     0 | D:1      | Shtopit the Demonspawn Gladiator began the quest for the Orb.
     0 | D:1      | Reached XP level 1. HP: 16/16 MP: 1/1
   255 | D:1      | Gained mutation: You have a somewhat thin skeletal structure (Dex +2, Stealth). [demonic ancestry]
   255 | D:1      | Reached XP level 2. HP: 19/22 MP: 2/2
   736 | D:1      | Gained mutation: When hurt, damage is shared between your health and your magic reserves. [demonic ancestry]
   736 | D:1      | Reached XP level 3. HP: 24/28 MP: 3/3
  1564 | D:2      | Reached skill level 1 in Armour
  1708 | D:2      | Found a shimmering altar of Xom.
  1733 | D:2      | Found a shadowy altar of Dithmenos.
  1744 | D:2      | Found a white marble altar of Elyvilon.
  1758 | D:2      | Became a worshipper of Dithmenos the Shadowed
  2763 | D:2      | Gained mutation: You have large cloven feet. [demonic ancestry]
  2763 | D:2      | Reached XP level 4. HP: 26/34 MP: 2/4
  2951 | D:2      | Noticed Terence
  2966 | D:2      | Killed Terence
  2966 | D:2      | Reached skill level 1 in Short Blades
  3685 | D:2      | Found a glowing golden altar of the Shining One.
  4049 | D:3      | Reached XP level 5. HP: 32/39 MP: 3/5
  4280 | D:3      | Noticed Jessica
  4290 | D:3      | Killed Jessica
  4407 | D:3      | Reached skill level 1 in Stealth
  4439 | D:3      | Killed from afar by an orc priest

Skill      XL: |  1  2  3  4  5 |
---------------+----------------+-----
Long Blades    | 3 |  3.3
Dodging        | 3 |  3.9
Armour         | 1 2 |  2.0
Short Blades   | 1 |  1.1
Stealth        | 1 |  1.1
Fighting       | |  2.6
Throwing       | |  1.7

Action                   |  1- 3 |  4- 6 || total
-------------------------+-------+-------++-------
Melee: Long sword        |    39 |    38 ||    77
       Dagger            |   242 |     9 ||   251
       Kick              |       |    31 ||    31
       Short sword       |       |    52 ||    52
  Use: Scroll            |       |     5 ||     5
 Stab: Sleeping          |     7 |     1 ||     8
  Eat: Chunk             |     4 |     2 ||     6
       Meat ration       |     1 |       ||     1
Armor: Leather armour    |    48 |    30 ||    78
Dodge: Dodged            |   160 |    68 ||   228
